 Dungeon Crawl Stone Soup version 0.28-a0-563-gf77a47075d (webtiles) character file.

Game seed: 14130005024334990121

7 Shayle the Skirmisher (level 2, 0/31 HPs)
             Began as an Ogre Warper on Sept 30, 2021.
             Slain by a goblin (3 damage)
             ... on level 1 of the Dungeon.
             The game lasted 00:01:38 (101 turns).

Shayle the Skirmisher (Ogre Warper)                  Turns: 101, Time: 00:01:39

Health: 0/31       AC:  3    Str: 14    XL:     2   Next: 0%
Magic:  5/5        EV: 10    Int: 14    God:
Gold:   0          SH:  0    Dex:  8    Spells: 5/5 levels left

rFire   . . .      SeeInvis .   a - +0 spear
rCold   . . .      Faith    .   (no shield)
rNeg    . . .      Spirit   .   b - +0 robe
rPois   .          Reflect  .   (helmet restricted)
rElec   .          Harm     .   (no cloak)
rCorr   .          Rampage  .   (gloves unavailable)
Will    .....                   (boots unavailable)
Stlth   +.........              (no amulet)
HPRegen 0.10/turn               (no ring)
MPRegen 0.09/turn               (no ring)

@: no status effects
A: large, unfitting armour, tough skin 1
a: no special abilities


You were on level 1 of the Dungeon.
You visited 1 branch of the dungeon, and saw 1 of its levels.

Inventory:

Hand Weapons
 a - a +0 spear (weapon)
Armour
 b - a +0 robe (worn)


   Skills:
 + Level 3.0 Fighting
 + Level 2.2 Polearms
 - Level 1.0 Throwing
 + Level 2.3 Dodging
 - Level 2.4 Spellcasting
 - Level 2.6 Translocations


You had 5 spell levels left.
You didn't know any spells.
Your spell library contained the following spells:

 Spells                   Type           Power      Damage    Failure   Level
 Blink                    Tloc           N/A        N/A       12%         2
 Gell's Gravitas          Tloc           4%         N/A       22%         3
 Lesser Beckoning         Tloc           9%         N/A       22%         3
 Teleport Other           Tloc           9%         N/A       22%         3
 Manifold Assault         Tloc           9%         N/A       91%         5


Dungeon Overview and Level Annotations

Branches:
Dungeon (1/15)

Altars:


Innate Abilities, Weirdness & Mutations

You are too large for most types of armour.
You have tough skin. (AC +1)


Message History

The frilled lizard blinks!
You kill the frilled lizard!
The goblin closely misses you.
You have reached level 2!
Throw: 3 boomerangs (disperse)
Press: ? - help, Q - select action Shift-Dir - straight line, f - goblin
Aim: a goblin, wielding a +0 dagger (translocational energy, 45% to hit)
You throw a boomerang of dispersal.
The boomerang of dispersal completely misses the goblin.
The goblin misses you.
Throw: 2 boomerangs (disperse)
Press: ? - help, Q - select action Shift-Dir - straight line, f/p - goblin
Aim: a goblin, wielding a +0 dagger (45% to hit)
You throw a boomerang of dispersal.
The boomerang of dispersal closely misses the goblin.
The goblin hits you with a +0 dagger.
* * * LOW HITPOINT WARNING * * *
Throw: boomerang (disperse)
Press: ? - help, Q - select action Shift-Dir - straight line, f/p - goblin
Aim: a goblin, wielding a +0 dagger (45% to hit)
You throw a boomerang of dispersal.
The boomerang of dispersal completely misses the goblin.
The goblin hits you with a +0 dagger.
* * * LOW HITPOINT WARNING * * *
You closely miss the goblin. The goblin closely misses you.
You barely miss the goblin. The goblin hits you with a +0 dagger.
* * * LOW HITPOINT WARNING * * *
You closely miss the goblin. The goblin barely misses you.
You hit the goblin.
The goblin is moderately wounded.
The goblin closely misses you.
You closely miss the goblin.
The goblin is moderately wounded.
The goblin hits you but does no damage.
You completely miss the goblin. The goblin closely misses you.
You barely miss the goblin. The goblin hits you but does no damage.
You closely miss the goblin. The goblin hits you with a +0 dagger.
* * * LOW HITPOINT WARNING * * *
You hit the goblin but do no damage. The goblin hits you with a +0 dagger.
You die...

### #.. #.#
#.#..
#.#.######
#@#......#
#g#$...#.#
#r#....#.#
#.#......#
#†#....###.# ..
#..........#
...
###....######
... #.l..##...#
...
##...g.#...##.#


You could see a goblin and a rat.

Vanquished Creatures
  2 ball pythons (D:1)
  A bat (D:1)
  A goblin (D:1)
  A hobgoblin (D:1)
  A frilled lizard (D:1)
6 creatures vanquished.

Vanquished Creatures (others)
  10 fungi (D:1)
10 creatures vanquished.

Grand Total: 16 creatures vanquished

Notes
Turn   | Place    | Note
-------+----------+-------------------------------------------
     0 | D:1      | Shayle the Ogre Warper began the quest for the Orb.
     0 | D:1      | Reached XP level 1. HP: 22/22 MP: 3/3
    60 | D:1      | Found a faded altar of an unknown god.
    84 | D:1      | Reached skill level 3 in Fighting
    90 | D:1      | Reached XP level 2. HP: 7/31 MP: 5/5
   101 | D:1      | Slain by a goblin

Illustrated notes

Levels and vault maps discovered:
D:1:      scummos_arrival_checkerplants, layout_basic,
          ebering_ecumenical_altar_sacrificial, serial_bayou_pond_d,
          minmay_unequal

Skill      XL: |  1 |
---------------+----+-----
Fighting       | 3 |  3.0
Polearms       | |  2.2
Throwing       | |  1.0
Dodging        | |  2.3
Spellcasting   | |  2.4
Translocations | |  2.6

Action                   || total
-------------------------++-------
Melee: Spear             ||    49
Throw: Boomerang         ||     5
  Use: Potion            ||     2
       Scroll            ||     1
Armor: Robe              ||    20
Dodge: Dodged            ||    26

Table legend: (Time is in decaauts)
 A = Elapsed time spent in this place.
 B = Non-inter-level travel time spent in this place.
 C = Inter-level travel time spent in this place.
 D = Time resting spent in this place.
 E = Time spent auto-exploring this place.
 F = Levels seen in this place.
 G = Mean time per level.
                   A        B        C        D        E       F      G
               +--------+--------+--------+--------+--------+-----+--------+
         Total |    101 |    101 |      0 |      0 |      3 |   1 |  101.0 |
       Dungeon |    101 |    101 |      0 |      0 |      3 |   1 |  101.0 |
               +--------+--------+--------+--------+--------+-----+--------+

Top non-repeatable levels by time:
     D:1: 101 daAuts
